 Dungeon Crawl Stone Soup version 0.29-a0-393-g47a863cc1b (webtiles) character file.

Game seed: 4209501873641868983

965 Agony the Skirmisher (level 8, -8/70 HPs)
             Began as a Hill Orc Fighter on May 10, 2022.
             Was an Initiate of the Shining One.
             Mangled by a two-headed ogre
             ... wielding a +0 giant club
              (14 damage)
             ... on level 5 of the Dungeon.
             The game lasted 00:12:00 (6799 turns).

Agony the Skirmisher (Hill Orc Fighter)             Turns: 6799, Time: 00:12:00

Health: -8/70      AC: 10    Str: 21    XL:     8   Next: 15%
Magic:  8/8        EV: 10    Int:  8    God:    the Shining One [......]
Gold:   242        SH:  0    Dex: 10    Spells: 7/7 levels left

rFire   . . .      SeeInvis .   u - +0 arbalest
rCold   . . .      Faith    +   (shield currently unavailable)
rNeg    . . .      Spirit   .   b - +0 scale mail
rPois   .          Reflect  .   (no helmet)
rElec   .          Harm     .   (no cloak)
rCorr   .          Rampage  .   e - +0 pair of gloves
Will    .....                   g - +0 pair of boots
Stlth   ..........              p - amulet of faith
HPRegen 0.21/turn               (no ring)
MPRegen 0.11/turn               (no ring)

@: glowing
A: no striking features
a: Renounce Religion


You were on level 5 of the Dungeon.
You worshipped the Shining One.
The Shining One was noncommittal.
You visited 1 branch of the dungeon, and saw 6 of its levels.

You collected 242 gold pieces.

Inventory:

Hand Weapons
 a - a +0 war axe
 u - a +0 arbalest (weapon)
Armour
 b - a +0 scale mail (worn)
 c - the +2 shield of Resistance {rF++ rC++ Will++}
   (You acquired it on level 5 of the Dungeon)

   rF:        It greatly protects you from fire.
   rC:        It greatly protects you from cold.
   Will:      It greatly increases your willpower.
 e - a +0 pair of gloves (worn)
 g - a +0 pair of boots (worn)
Jewellery
 p - an amulet of faith (around neck)
Scrolls
 i - a scroll of noise {unknown}
 l - a scroll of blinking
 m - a scroll of teleportation
 n - a scroll of enchant armour {unknown}
 q - a scroll of immolation {unknown}
 s - 3 scrolls of vulnerability
 v - a scroll of brand weapon {unknown}
 w - 3 scrolls of identify
Potions
 d - 2 potions of might
 f - 3 potions of curing
 h - a potion of brilliance {unknown}
 j - 2 potions of attraction {unknown}
 k - a potion of resistance {unknown}
 o - a potion of magic {unknown}
 r - a potion of cancellation {unknown}
 t - a potion of heal wounds {unknown}


   Skills:
 + Level 6.0 Fighting
 - Level 3.6 Axes
 + Level 2.9 Crossbows
 + Level 5.5 Armour
 + Level 3.2 Dodging
 + Level 5.5 Shields


You had 7 spell levels left.
You didn't know any spells.
Your spell library contained the following spells:

 Spells                   Type           Power      Damage    Failure   Level
 Animate Skeleton         Necr           0%         N/A       73%         1
 Pain                     Necr           0%         1d4       73%         1
 Slow                     Hex            0%         N/A       73%         1
 Blink                    Tloc           0%         N/A       86%         2
 Static Discharge         Conj/Air       0%         N/A       86%         2
 Sublimation of Blood     Necr           0%         N/A       86%         2
 Wereblood                Tmut           0%         N/A       86%         2
 Confusing Touch          Hex            0%         N/A       97%         3
 Lesser Beckoning         Tloc           0%         N/A       97%         3
 Vampiric Draining        Necr           0%         2d6       97%         3
 Dispel Undead            Necr           0%         3d6       100%        4
 Sticky Flame             Conj/Fire      0%         2d3       100%        4
 Manifold Assault         Tloc           0%         N/A       100%        5
 Yara's Violent Unravell  Hex/Tmut       0%         3d3       100%        5
 Enfeeble                 Hex            0%         N/A       100%        7
 Summon Hydra             Summ           0%         N/A       100%        7


Dungeon Overview and Level Annotations

Branches:
Dungeon (6/15)
 Temple: D:4-7

Altars:
Ashenzari
Cheibriados
Dithmenos
Okawaru
Wu Jian
The Shining One

Annotations:
D:4 Dowan


Message History

You shoot a bolt. The bolt hits the iguana.
You kill the iguana!
Unknown command.
You start resting.
HP restored.
You start waiting.
Done waiting.
You climb downwards.
The two-headed ogre hits you with a +0 giant club!
The two-headed ogre misses you.
There is a stone staircase leading up, spattered with blood here.
The two-headed ogre closely misses you. The two-headed ogre barely misses you.
You climb upwards.
There is a stone staircase leading down, spattered with blood here.
You shoot a bolt. The bolt hits the two-headed ogre!
The two-headed ogre is lightly wounded.
The two-headed ogre closely misses you.
The two-headed ogre hits you with a +0 giant club!
You shoot a bolt. The bolt hits the two-headed ogre!
The two-headed ogre is moderately wounded.
The two-headed ogre hits you with a +0 giant club!
The two-headed ogre hits you with a +0 giant club!!
* * * LOW HITPOINT WARNING * * *
You are too injured to fight recklessly!
You are too injured to fight recklessly!
You are too injured to fight recklessly!
You are too injured to fight recklessly!
You are too injured to fight recklessly!
You are too injured to fight recklessly!
You are too injured to fight recklessly!
You are too injured to fight recklessly!
You are too injured to fight recklessly!
You are too injured to fight recklessly!
You are too injured to fight recklessly!
You are too injured to fight recklessly!
The two-headed ogre attacks as you move away!
The two-headed ogre barely misses you. The two-headed ogre closely misses you.
The two-headed ogre attacks as you move away!
The two-headed ogre hits you with a +0 giant club!
You die...

###.....#### ##........##
##..........#
###...........##
##..............#
###..>.............
##..................
##......##...........
##...@O.####..........
#......## ##.........
##.......# ##......(.
##.....>.## ###.........
##........# ##...##......
#.........###...#####....
#.........##..### ##...
#........##.....### ###.
#...........#.....### ##


You could see a two-headed ogre.

Vanquished Creatures
  A water moccasin (D:6)
  Duvessa (D:5)
  An ogre (D:4)
  2 black bears (D:5)
  A centaur (D:5)
  A jelly (D:4)
  An orc priest (D:4)
  2 hounds
  4 iguanas
  4 gnolls (D:6)
  5 adders
  A shadow imp (D:6)
  A white imp (D:6)
  An ufetubus (D:4)
  2 worms
  3 dart slugs
  10 orcs
  5 endoplasms
  4 giant cockroaches
  11 goblins
  7 hobgoblins
  3 quokkas
  4 ball pythons (D:1)
  4 bats (D:1)
  2 frilled lizards (D:1)
  7 kobolds
  11 rats
99 creatures vanquished.

Vanquished Creatures (others)
  A withered plant (D:1)
1 creature vanquished.

Grand Total: 100 creatures vanquished

Notes
Turn   | Place    | Note
-------+----------+-------------------------------------------
     0 | D:1      | Agony the Hill Orc Fighter began the quest for the Orb.
     0 | D:1      | Reached XP level 1. HP: 19/19 MP: 1/1
   165 | D:1      | Reached XP level 2. HP: 27/27 MP: 2/2
   588 | D:1      | Found a faded altar of an unknown god.
   683 | D:1      | Reached XP level 3. HP: 33/33 MP: 3/3
   687 | D:1      | Reached skill level 4 in Fighting
  1219 | D:2      | Reached skill level 1 in Dodging
  1314 | D:2      | Reached XP level 4. HP: 39/40 MP: 4/4
  2242 | D:3      | Found a broken altar of Ashenzari.
  2242 | D:3      | Found a snail-covered altar of Cheibriados.
  2286 | D:4      | Identified the +2 dagger "Liteba" {vorpal, Will+}
  2319 | D:4      | Reached XP level 5. HP: 47/47 MP: 5/5
  2515 | D:4      | Reached skill level 1 in Crossbows
  2618 | D:4      | Reached XP level 6. HP: 53/53 MP: 6/6
  2805 | D:4      | Found a glowing golden altar of the Shining One.
  2813 | D:4      | Became a worshipper of the Shining One
  2915 | D:5      | Entered Level 5 of the Dungeon
  3020 | D:5      | Identified a scroll of acquirement
  3020 | D:5      | Acquired the +2 shield of Resistance {rF++ rC++ Will++}
  3020 | D:5      | Found the +2 shield of Resistance {rF++ rC++ Will++}
  3099 | D:5      | Found an ornate altar of the Wu Jian Council.
  3359 | D:5      | Noticed Dowan
  3360 | D:5      | Noticed Duvessa
  3388 | D:5      | Noticed a black bear
  3838 | D:5      | Found a shadowy altar of Dithmenos.
  3899 | D:5      | Reached skill level 5 in Fighting
  4215 | D:5      | Noticed a black bear
  4252 | D:4      | Reached XP level 7. HP: 21/61 MP: 7/7
  4741 | D:5      | Reached skill level 5 in Armour
  4741 | D:5      | Reached skill level 5 in Shields
  4985 | D:5      | Killed Duvessa
  6101 | D:6      | Found an iron altar of Okawaru.
  6182 | D:6      | Reached skill level 6 in Fighting
  6182 | D:6      | Reached XP level 8. HP: 44/70 MP: 8/8
  6405 | D:6      | Noticed a two-headed ogre
  6799 | D:5      | Mangled by a two-headed ogre

Illustrated notes

Levels and vault maps discovered:
D:1:      roderic_chinese_lattice_arrival, layout_loops_ring,
          shapermc_ecumenical_altar_flowoftime
D:2:      wander_river, layout_rooms
D:3:      layout_basic, amethyst_overflow_temple_binary, hangedman_decor_growths
D:4:      layout_rooms, tso_altar
D:5:      layout_cave_pods, mainiacjoe_overflow_alcove_1,
          nicolae_wu_jian_glorious_leap, uniq_duvessa
D:6:      layout_basic, fedhas_altar_1, nicolae_overflow_crystal_walls,
          okawaru_altar_gauntlet_db

Skill      XL: |  1  2  3  4  5  6  7 |
---------------+----------------------+-----
Axes           | 3 |  3.6
Fighting       | 4 5 6 |  6.0
Dodging        | 1 2 3 |  3.2
Armour         | 4 5 |  5.5
Shields        | 4 5 |  5.5
Crossbows      | 1 2 |  2.9

Action                   |  1- 3 |  4- 6 |  7- 9 || total
-------------------------+-------+-------+-------++-------
Melee: War axe           |   100 |    63 |       ||   163
 Fire: Arbalest          |       |   106 |    97 ||   203
  Use: Scroll            |     1 |     6 |     1 ||     8
       Potion            |       |     2 |     1 ||     3
Armor: Scale mail        |    53 |    88 |    75 ||   216
Dodge: Dodged            |    46 |    89 |    72 ||   207
Block: Buckler           |    23 |    12 |       ||    35

Table legend: (Time is in decaauts)
 A = Elapsed time spent in this place.
 B = Non-inter-level travel time spent in this place.
 C = Inter-level travel time spent in this place.
 D = Time resting spent in this place.
 E = Time spent auto-exploring this place.
 F = Levels seen in this place.
 G = Mean time per level.
                   A        B        C        D        E       F      G
               +--------+--------+--------+--------+--------+-----+--------+
         Total |   7009 |   6531 |    478 |   2042 |   3377 |   6 | 1168.2 |
       Dungeon |   7009 |   6531 |    478 |   2042 |   3377 |   6 | 1168.2 |
               +--------+--------+--------+--------+--------+-----+--------+

Top non-repeatable levels by time:
     D:5: 2472 daAuts
     D:4: 1689 daAuts
     D:1: 961 daAuts
     D:3: 923 daAuts
     D:2: 489 daAuts
     D:6: 473 daAuts
